 Dungeon Crawl Stone Soup version 0.30-a0-715-gdb4ae3ece1 (webtiles) character file.

Game seed: 15999424291241041961

3724 Darius099 the Grappler (level 9, -1/80 HPs)
             Began as a Troll Monk on Jan 24, 2023.
             Slain by a gnoll sergeant
             ... wielding a +0 glaive
              (8 damage)
             ... in a bailey.
             The game lasted 00:18:59 (6653 turns).

Darius099 the Grappler (Troll Monk)                 Turns: 6653, Time: 00:19:00

Health: -1/80      AC:  5    Str: 21    XL:     9   Next: 92%
Magic:  8/8        EV: 19    Int:  6    God:
Gold:   415        SH:  0    Dex: 16    Spells: 8/8 levels left

rFire   + . .      SeeInvis .      - Unarmed
rCold   + . .      Faith    .    (no shield)
rNeg    . . .      Spirit   .    u - +1 robe
rPois   +          Reflect  .    (helmet restricted)
rElec   +          Harm     .    (no cloak)
rCorr   +          Rampage  .    (gloves unavailable)
Will    .....                    (boots unavailable)
Stlth   ++                       k - amulet of magic regeneration
HPRegen 1.13/turn                j - +5 ring of evasion
MPRegen 0.51/turn                (no ring)

@: about to teleport, resistant
A: large, unfitting armour, claws 3, regeneration 1, shaggy fur 1, tough skin 1
a: no special abilities


You were in a bailey.
You visited 2 branches of the dungeon, and saw 9 of its levels.
You also visited: Sewer and Bailey.

You collected 511 gold pieces.
You spent 96 gold pieces at shops.

Inventory:

Missiles
 A - 2 throwing nets (quivered)
Armour
 q - a +0 kite shield
 u - a +1 robe (worn)
Jewellery
 j - a +5 ring of evasion (left claw)
 k - an amulet of magic regeneration (around neck)
Wands
 a - a wand of iceblast (14)
 w - a wand of flame (22)
Scrolls
 c - a scroll of brand weapon {unknown}
 e - 3 scrolls of teleportation
 g - a scroll of enchant weapon {unknown}
 i - a scroll of amnesia
 m - a scroll of enchant armour
 n - a scroll of noise {unknown}
 r - a scroll of vulnerability {unknown}
 s - a scroll of blinking {unknown}
 v - a scroll of magic mapping {unknown}
 y - a scroll of poison {unknown}
Potions
 b - 2 potions of ambrosia
 d - a potion of heal wounds {unknown}
 f - a potion of resistance
 h - 3 potions of might
 l - a potion of flight
 t - a potion of attraction {unknown}
 x - a potion of lignification {unknown}
 z - a potion of berserk rage {unknown}
 B - a potion of mutation
Miscellaneous
 p - a lightning rod (4/4)


   Skills:
 - Level 2.5 Fighting
 + Level 9.3 Dodging
 - Level 1.1 Stealth
 - Level 10.0 Unarmed Combat


You had 8 spell levels left.
You didn't know any spells.
Your spell library contained the following spells:

 Spells                   Type           Power      Damage    Failure   Level
 Summon Small Mammal      Summ           0%         N/A       45%         1
 Call Canine Familiar     Summ           0%         N/A       83%         3
 Inner Flame              Hex/Fire       0%         N/A       83%         3
 Summon Guardian Golem    Hex/Summ       0%         N/A       83%         3
 Animate Dead             Necr           0%         N/A       99%         4
 Cause Fear               Hex            0%         N/A       99%         4
 Haunt                    Necr/Summ      0%         N/A       100%        7
 Discord                  Hex            0%         N/A       100%        8
 Infestation              Necr           0%         N/A       100%        8


Dungeon Overview and Level Annotations

Branches:
Dungeon (8/15)             Temple (1/1) D:5            Lair (0/5) D:8
  Sewer (visited)          Bailey (1/1)

Altars:
Ashenzari
Cheibriados
Dithmenos
Elyvilon
Fedhas
Gozag
Hepliaklqana
Kikubaaqudgha
Makhleb
Nemelex Xobeh
Okawaru
Qazlal
Ru
Sif Muna
Trog
Uskayaw
Vehumet
Wu Jian
Xom
Yredelemnul
Zin
The Shining One

Shops:
D:1 ?   D:4 :[   D:7 !

Annotations:
D:7 2 transporters, avis's ghost, novice DgHu


Innate Abilities, Weirdness & Mutations

You are too large for most types of armour.
You have claws for hands.
Your natural rate of healing is unusually fast.
You are covered in fur. (AC +1)
You have tough skin. (AC +1)


Message History

The gnoll sergeant is almost dead.
The gnoll sergeant closely misses you. The gnoll misses you. x2
The gnoll completely misses you.
You barely miss the gnoll sergeant.
The gnoll sergeant is almost dead.
The gnoll sergeant closely misses you.
The gnoll hits you from afar with a +0 halberd!
The gnoll hits you but does no damage. The gnoll hits you with a +3 halberd!
* * * LOW HITPOINT WARNING * * *
You feel better. The gnoll sergeant misses you. The gnoll barely misses you. x2
The gnoll misses you.
You barely miss the gnoll sergeant.
The gnoll sergeant is almost dead.
The gnoll sergeant hits you with a +0 glaive!
* * * LOW HITPOINT WARNING * * *
The gnoll barely misses you. The gnoll closely misses you. x2
Okay, then.
As you read the scroll of butterflies, it crumbles to dust.
You hear the flapping of tiny wings.
The gnoll is knocked back by the sudden gust. x2
The gnoll sergeant is knocked back by the sudden gust.
The gnoll is knocked back by the sudden gust.
You swap places.
The gnoll barely misses your butterfly.
The gnoll sergeant completely misses you.
The gnoll closely misses your butterfly.
As you read the scroll of teleportation, it crumbles to dust.
You feel strangely unstable.
The gnoll completely misses your butterfly.
The gnoll sergeant hits you from afar with a +0 glaive.
* * * LOW HITPOINT WARNING * * *
The gnoll misses your butterfly.
Aiming: Iceblast
Press: ? - help, Shift-Dir - straight line
Okay, then.
As you read the scroll labelled LEIG DOKHO, it crumbles to dust.
It is a scroll of enchant armour.
Your +0 robe glows green for a moment.
The gnoll closely misses your butterfly.
The gnoll sergeant hits you from afar with a +0 glaive!
You die...

..8...'...'.()...∩..∩#
.g$.b.#.g.'..)†...♣♣♣#
.....######..≈...♣♣
#...# #bbb...♣ ####
#bgb..b♣


#bbbbb♣♣ #bgbb♣♣ ###bgbb♣ #@bgb≈♣♣ ≈≈≈≈bbbbbbb♣♣ ♣♣♣♣♣♣♣♣♣♣♣♣ You could see a
gnoll sergeant (ally target) and 2 gnolls.

Vanquished Creatures
  The ghost of tinescath the Trooper, a novice DjHu (D:4)
  Pikel (D:4)
  A troll (D:6)
  Sigmund (D:4)
  5 yaks (D:8)
  An ice beast (D:6)
  2 ogres
  2 centaurs
  A phantom (D:4)
  A gnoll sergeant (D:7)
  2 bullfrogs (Sewer)
  A necrophage (D:6)
  A scorpion (D:6)
  3 killer bees (D:7)
  2 howler monkeys (D:8)
  A bullfrog zombie (D:4)
  A gnoll bouda (D:4)
  7 hounds
  6 iguanas
  A killer bee zombie (D:4)
  A howler monkey zombie (D:4)
  9 gnolls
  12 adders
  A shadow imp (D:6)
  A white imp (D:7)
  2 ufetubi
  A worm (D:3)
  3 dart slugs
  10 orcs
  9 ball pythons
  14 endoplasms
  11 giant cockroaches
  7 goblins
  4 hobgoblins
  10 jackals
  8 kobolds
  13 quokkas
  4 bats
  10 frilled lizards
  14 rats
185 creatures vanquished.

Vanquished Creatures (others)
  2 plants (D:5)
2 creatures vanquished.

Grand Total: 187 creatures vanquished

Notes
Turn   | Place    | Note
-------+----------+-------------------------------------------
     0 | D:1      | Darius099 the Troll Monk began the quest for the Orb.
     0 | D:1      | Reached XP level 1. HP: 22/22 MP: 0/0
   196 | D:1      | Found Dois's Magic Scroll Emporium.
   316 | D:1      | Reached XP level 2. HP: 29/29 MP: 1/1
   818 | D:2      | Reached XP level 3. HP: 36/36 MP: 2/2
  1074 | D:2      | Found a faded altar of an unknown god.
  1083 | D:2      | Reached XP level 4. HP: 34/44 MP: 3/3
  1214 | D:2      | Reached skill level 4 in Unarmed Combat
  1550 | D:3      | You fall into a shaft and drop 2 floors!
  1550 | D:5      | Entered Level 5 of the Dungeon
  1602 | D:4      | Found Aphaet's Self-Improvement Boutique.
  1611 | D:4      | Noticed Sigmund
  1626 | D:4      | Noticed Pikel
  1626 | D:4      | Noticed a lemure
  1626 | D:4      | Noticed a lemure
  1627 | D:4      | Noticed a lemure
  1628 | D:4      | Noticed a lemure
  1899 | D:3      | Found a shimmering altar of Xom.
  1947 | D:3      | Found a glowing drain.
  1961 | Sewer    | Entered a sewer
  2020 | Sewer    | Reached XP level 5. HP: 50/50 MP: 4/4
  2193 | Sewer    | Reached skill level 5 in Unarmed Combat
  2197 | Sewer    | Reached XP level 6. HP: 45/59 MP: 5/5
  2818 | D:4      | Found Toiboecw's Antique Armour Boutique.
  2899 | D:4      | Killed Pikel
  2900 | D:4      | Reached skill level 5 in Dodging
  2900 | D:4      | Reached skill level 6 in Unarmed Combat
  2900 | D:4      | Reached XP level 7. HP: 32/66 MP: 6/6
  2960 | D:4      | Killed Sigmund
  2961 | D:4      | Reached skill level 7 in Unarmed Combat
  3169 | D:4      | Reached XP level 8. HP: 74/74 MP: 7/7
  3175 | D:4      | Found a runed translucent gate.
  3175 | D:4      | Found a runed translucent gate.
  3175 | D:4      | Found a runed translucent gate.
  3176 | D:4      | Noticed tinescath's ghost (novice DjHu)
  3720 | D:4      | Killed tinescath's ghost
  3721 | D:4      | Reached skill level 8 in Unarmed Combat
  3949 | D:5      | Found a shimmering blue altar of Sif Muna.
  4262 | D:5      | Found a staircase to the Ecumenical Temple.
  4321 | Temple   | Entered the Ecumenical Temple
  4636 | D:6      | Noticed a troll
  4641 | D:6      | Killed a troll
  4642 | D:6      | Reached XP level 9. HP: 65/80 MP: 8/8
  4651 | D:6      | Reached skill level 9 in Unarmed Combat
  4919 | D:6      | Found a radiant altar of Vehumet.
  5343 | D:6      | Found a sacrificial altar of Ru.
  5592 | D:7      | Found a transporter.
  5595 | D:7      | Noticed avis's ghost (novice DgHu)
  5605 | D:7      | Noticed a moth of wrath
  5608 | D:7      | Noticed a seven-headed hydra
  5615 | D:7      | Found an ancient bone altar of Kikubaaqudgha.
  5616 | D:7      | Found a snail-covered altar of Cheibriados.
  5617 | D:7      | Found an iron altar of Okawaru.
  5684 | D:7      | Found a transporter.
  5819 | D:7      | Found Eres Hog's Distillery.
  5824 | D:7      | Bought a potion of mutation for 96 gold pieces
  6345 | D:8      | Reached skill level 10 in Unarmed Combat
  6482 | D:8      | Found a staircase to the Lair.
  6492 | D:8      | Found a flagged portal.
  6530 | Bailey   | Entered a bailey
  6653 | Bailey   | Slain by a gnoll sergeant

Illustrated notes

Levels and vault maps discovered:
D:1:      zaba_arrival_water, layout_loops_cross, serial_shops, shop,
          fountainhead, nicolae_figureground_sparkle
D:2:      layout_loops_corners, chequers_ecumenical_altar_island
D:3:      wad_pebble_path, layout_basic, xom_butterflies, portal_sewer_entry_b,
          solitary_fountain
D:4:      layout_loops_ring, serial_shops, shop_statue,
          gammafunk_ghost_necromancy, nicolae_shop_self_help, uniq_pikel,
          uniq_sigmund
D:5:      layout_basic, tgw_sif, minmay_temple_entry_overgrown
D:6:      layout_loops_ring, lemuel_coloured_pillars_altar,
          nicolae_vehumet_altar_sigil
D:7:      layout_loops_corners, chequers_temple_overflow_statue_of_worship,
          serial_shops, shop, gammafunk_ghost_berserking_beasts
D:8:      layout_loops_ring, lair_entry_dummy, enter_bailey_5,
          nicolae_diode_intersection
Temple:   eino_wide_crystal_templ
Bailey:   bailey_polearm_gnolls_kennysheep, bailey

Skill      XL: |  1  2  3  4  5  6  7  8  9 |
---------------+----------------------------+-----
Dodging        | 3 4 5 7 9 |  9.3
Unarmed Combat | 4 5 6 7 8 10 | 10.0
Fighting       | |  2.5
Stealth        | |  1.1

Action                     |  1- 3 |  4- 6 |  7- 9 || total
---------------------------+-------+-------+-------++-------
  Melee: Unarmed           |    90 |   203 |   280 ||   573
         Punch             |       |     3 |    15 ||    18
    Use: Scroll            |       |       |    11 ||    11
         Potion            |       |       |     4 ||     4
   Stab: Sleeping          |     1 |     1 |     2 ||     4
 Armour: Robe              |    24 |    66 |    24 ||   114
  Dodge: Dodged            |    53 |   125 |   265 ||   443

Table legend: (Time is in decaauts)
 A = Elapsed time spent in this place.
 B = Non-inter-level travel time spent in this place.
 C = Inter-level travel time spent in this place.
 D = Time resting spent in this place.
 E = Time spent auto-exploring this place.
 F = Levels seen in this place.
 G = Mean time per level.
                   A        B        C        D        E       F      G
               +--------+--------+--------+--------+--------+-----+--------+
         Total |   6581 |   6305 |    276 |    152 |   3935 |  11 |  598.3 |
       Dungeon |   6096 |   5820 |    276 |    152 |   3844 |   8 |  762.0 |
        Temple |     54 |     54 |      0 |      0 |     30 |   1 |   54.0 |
         Sewer |    311 |    311 |      0 |      0 |     61 |   1 |  311.0 |
        Bailey |    118 |    118 |      0 |      0 |      0 |   1 |  118.0 |
               +--------+--------+--------+--------+--------+-----+--------+

Top non-repeatable levels by time:
     D:4: 1088 daAuts
     D:2: 884 daAuts
     D:5: 828 daAuts
     D:6: 802 daAuts
     D:3: 782 daAuts
     D:7: 780 daAuts
     D:1: 640 daAuts
   Sewer: 311 daAuts
     D:8: 289 daAuts
  Bailey: 118 daAuts
  Temple: 54 daAuts
